 Dungeon Crawl Stone Soup version 0.27.1-34-g3ba077fa99 (webtiles) character file.

Game seed: 9034556222772832462

378 cbfl8 the Sneak (level 6, -9/53 HPs)
             Began as a Minotaur Delver on Jan 20, 2022.
             Was a Believer of Yredelemnul.
             Mangled by a black bear (10 damage)
             ... on level 5 of the Dungeon.
             The game lasted 00:12:35 (4550 turns).

cbfl8 the Sneak (Minotaur Delver)                   Turns: 4550, Time: 00:12:36

Health: -9/53      AC: 12    Str: 16 (17) XL:     6   Next: 45%
Magic:  5/5        EV:  9    Int:  6 (8)  God:    Yredelemnul [**....]
Gold:   159        SH:  0    Dex: 10 (12) Spells: 5/5 levels left

rFire    . . .     SeeInvis .   a - +0 hand axe
rCold    . . .     Faith    .   (no shield)
rNeg     . . .     Spirit   .   B - +0 plate armour
rPois    .         Reflect  .   (helmet restricted)
rElec    .         Harm     .   (no cloak)
rCorr    +         Rampage  .   h - +0 pair of gloves
Will     .....                  (no boots)
Stlth    ..........             (no amulet)
HPRegen  0.17/turn              r - ring of resist corrosion
MPRegen  0.09/turn              v - +4 ring of evasion

@: brilliant, flying
A: horns 2, retaliatory headbutt
a: Renounce Religion, Animate Remains, Recall Undead Slaves, Injury Mirror


You were on level 5 of the Dungeon.
You worshipped Yredelemnul.
Yredelemnul was pleased with you.
You visited 2 branches of the dungeon, and saw 6 of its levels.

You collected 159 gold pieces.

Inventory:

Hand Weapons
 a - a +0 hand axe (weapon)
Missiles
 j - 52 arrows
 n - 155 stones (quivered)
 u - 28 bolts
Armour
 b - a +0 leather armour
 h - a +0 pair of gloves (worn)
 m - a +0 ring mail
 o - a +3 leather armour
 B - a +0 plate armour (worn)
Jewellery
 r - a ring of resist corrosion (left hand)
 v - a +4 ring of evasion (right hand)
Wands
 g - a wand of digging (3)
 i - a wand of flame (10)
Scrolls
 c - 2 scrolls of fog
 d - 3 scrolls of magic mapping
 k - a scroll of enchant weapon {unknown}
 p - a scroll of acquirement {unknown}
 q - a scroll of enchant armour {unknown}
 s - 3 scrolls of teleportation {unknown}
 w - a scroll of brand weapon {unknown}
 x - a scroll of summoning {unknown}
 y - a scroll of identify {unknown}
Potions
 f - 2 potions of haste
 l - a potion of flight


   Skills:
 + Level 4.5 Fighting
 + Level 4.8 Axes
 + Level 3.2 Armour
 + Level 3.0 Dodging
 + Level 5.2 Stealth
 + Level 0.7 Invocations


You had 5 spell levels left.
You didn't know any spells.
Your spell library contained the following spells:

 Spells                   Type           Power      Damage    Failure   Level
 Beastly Appendage        Tmut           0%         N/A       100%        1
 Shock                    Conj/Air       0%         1d3       100%        1
 Wereblood                Tmut           0%         N/A       100%        2
 Spider Form              Tmut/Pois      0%         N/A       100%        3
 Swiftness                Air            0%         N/A       100%        3
 Airstrike                Air            0%         N/A       100%        4
 Olgreb's Toxic Radiance  Pois           0%         N/A       100%        4
 Ozocubu's Refrigeration  Ice            0%         4d5       100%        7
 Ignition                 Fire           0%         3d3       100%        8


Dungeon Overview and Level Annotations

Branches:
Dungeon (5/15)             Temple (1/1) D:4

Altars:
Ashenzari
Dithmenos
Gozag
Nemelex Xobeh
Okawaru
Qazlal
Ru
Trog
Uskayaw
Vehumet
Wu Jian
Xom
Yredelemnul
Zin
The Shining One
Lugonu

Shops:
D:2 (

Portals:
Abyss: D:4


Innate Abilities, Weirdness & Mutations

You have a pair of horns on your head.
You reflexively headbutt those who attack you in melee.


Message History

You closely miss the orc warrior. You hit the orc but do no damage.
The orc hits you but does no damage.
The orc warrior hits you but does no damage.
The black bear goes berserk!
Your plate armour prevents you from hitting the black bear.
The black bear is almost dead.
You hit the orc.
Your plate armour prevents you from hitting the orc warrior.
The black bear splashes around in the water. x2
The black bear claws you.
* * * LOW HITPOINT WARNING * * *
The orc hits you but does no damage.
The orc warrior splashes around in the water.
You hit the black bear.
The black bear is almost dead.
You closely miss the orc warrior. You hit the orc but do no damage.
The black bear splashes around in the water. x2
The black bear claws you but does no damage.
The orc splashes around in the water.
The orc warrior hits you with a +0 hand axe.
* * * LOW HITPOINT WARNING * * *
The black bear splashes around in the water.
The black bear claws you.
* * * LOW HITPOINT WARNING * * *
The black bear splashes around in the water.
As you read the scroll of fear, it crumbles to dust.
You assume a fearsome visage.
The river rat looks frightened!
The ice beast looks frightened!
The orc warrior looks frightened!
The orc looks frightened! x2; The black bear is unaffected.
The black bear barely misses you. The black bear claws you.
* * * LOW HITPOINT WARNING * * *
The black bear splashes around in the water.
As you read the scroll of fog, it crumbles to dust.
The scroll dissolves into smoke.
The black bear splashes around in the water.
The black bear claws you but does no damage.
The black bear splashes around in the water.
The black bear bites you!
You die...
Your body rises from the dead as a mindless zombie.

#### .. ..## .
######..#
..#≈≈≈≈#..#####..
####.#§§≈§#.>......>
....#.#o§§§#..###....
..#...#o§@§#.........
#.###.#†§h§#.#..###.
#.# #.##o###...##
#.###..Y......##
##..##.....#Y.## ##
##......#r....##
#..$#......<..###..(..
#.....).....### ......
#....#####..###.......


You could see an orc warrior (fleeing), a black bear (berserk), an ice beast
(fleeing), a river rat (fleeing) and 2 orcs.

Vanquished Creatures
  A phantom (D:5)
  A water moccasin skeleton (D:4)
  2 orc priests
  A hound (D:3)
  An orc wizard (D:5)
  4 adders
  2 river rats (D:5)
  A dart slug (D:1)
  9 orcs
  5 endoplasms
  3 giant cockroaches (D:1)
  4 goblins
  8 hobgoblins
  4 jackals (D:2)
  6 kobolds
  5 ball pythons
  5 bats
  2 frilled lizards
  8 rats
  A lurking horror (D:4)
73 creatures vanquished.

Vanquished Creatures (collateral kills)
  An adder (D:2)
  2 worms
  A ball python (D:2)
  A hobgoblin (D:2)
5 creatures vanquished.

Vanquished Creatures (others)
  A lurking horror (D:4)
1 creature vanquished.

Grand Total: 79 creatures vanquished

Notes
Turn   | Place    | Note
-------+----------+-------------------------------------------
     0 | D:5      | cbfl8 the Minotaur Delver began the quest for the Orb.
     0 | D:5      | Reached XP level 1. HP: 19/19 MP: 0/0
    18 | D:5      | Noticed an orc wizard
    22 | D:5      | Noticed a phantom
   225 | D:4      | Found a staircase to the Ecumenical Temple.
   233 | Temple   | Entered the Ecumenical Temple
   242 | Temple   | Became a worshipper of Yredelemnul the Dark
   285 | D:4      | Found a corrupted altar of Lugonu.
   570 | D:3      | Noticed an orc priest
   935 | D:4      | Reached XP level 2. HP: 16/27 MP: 1/1
  1184 | D:4      | Reached skill level 1 in Armour
  1184 | D:4      | Reached XP level 3. HP: 26/33 MP: 2/2
  1292 | D:4      | Reached XP level 4. HP: 36/40 MP: 3/3
  1397 | D:3      | Reached skill level 5 in Stealth
  1545 | D:2      | Reached XP level 5. HP: 42/46 MP: 4/4
  1747 | D:1      | Found a faded altar of an unknown god.
  2554 | D:2      | Reached * piety under Yredelemnul
  2663 | D:2      | Found Jennutucw's Weapon Shoppe.
  4148 | D:4      | Found a one-way gate to the infinite horrors of the Abyss.
  4502 | D:5      | Killed a phantom
  4503 | D:5      | Reached XP level 6. HP: 45/53 MP: 5/5
  4508 | D:5      | Reached ** piety under Yredelemnul
  4523 | D:5      | Noticed an orc warrior
  4535 | D:5      | Noticed an ice beast
  4549 | D:5      | HP: 1/53 [black bear (5)]
  4550 | D:5      | Mangled by a black bear

Illustrated notes

Levels and vault maps discovered:
D:1:      lightli_arrival_windingriver, layout_basic,
          hellmonk_ecumenical_altar_inner_sanctum
D:2:      layout_basic, serial_shops, nicolae_shop_crystal, grunt_ministairs_3
D:3:      layout_basic
D:4:      layout_loops_ring, minmay_temple_entry_metal_lava,
          amcnicky_altar_lugonu_corruption
D:5:      layout_rooms, nicolae_hepliaklqana_monster_ancestors,
          portal_sewer_entry_c
Temple:   minmay_freezing_vapour_temple

Skill      XL: |  1  2  3  4  5  6 |
---------------+-------------------+-----
Fighting       | 4 |  4.5
Axes           | 3 4 |  4.8
Armour         | 1 2 3 |  3.2
Stealth        | 5 |  5.2
Dodging        | 3 |  3.0
Invocations    | |  0.7

Action                   |  1- 3 |  4- 6 || total
-------------------------+-------+-------++-------
Melee: Hand axe          |    35 |   164 ||   199
       Headbutt          |     4 |    31 ||    35
Invok: Animate Remains   |       |     9 ||     9
  Use: Potion            |       |     5 ||     5
       Scroll            |       |     2 ||     2
 Stab: Sleeping          |     2 |     6 ||     8
       Distracted        |       |     1 ||     1
Armor: Leather armour    |     2 |    41 ||    43
       Ring mail         |     9 |     6 ||    15
       Plate armour      |       |    73 ||    73
Dodge: Dodged            |    21 |   137 ||   158
